 Dungeon Crawl Stone Soup version 0.24.0-123-gd5b16e6ec5 (webtiles) character file.

Game seed: 13701342896819976029, levelgen mode: deterministic

219460 Freitmort the Eclecticist (level 18, -14/91 HPs)
             Began as a Deep Elf Fire Elementalist on Dec 20, 2019.
             Was the Champion of Vehumet.
             Killed from afar by Bai Suzhen (58 damage)
             ... with a torrent of water
             ... on level 3 of the Snake Pit on Jan 23, 2020.
             The game lasted 08:06:11 (54045 turns).

Freitmort the Eclecticist (DEFE)                   Turns: 54045, Time: 08:06:12

Health: -14/91     AC: 15    Str: 13    XL:     18   Next: 44%
Magic:  0/43       EV: 19    Int: 27    God:    Vehumet [******]
Gold:   1484       SH:  0    Dex: 17    Spells: 4/55 levels left

rFire    + + .     SeeInvis .   L - +2 whip of the Fool {drain, rPois rF++ Str+6}
rCold    + + .     Gourm    .   (no shield)
rNeg     + + +     Faith    .   N - +2 robe {rC+ rF+}
rPois    +         Spirit   +   a - +2 hat
rElec    .         Reflect  .   n - +2 cloak {+Inv}
rCorr    .         Harm     .   j - +2 pair of gloves
MR       +++++                  B - +2 pair of boots
Stlth    ++++......             P - amulet "Wiurumac" {Spirit rC+ rN+ MR+ Dex+4}
HPRegen  0.25/turn              Z - ring of protection from magic
MPRegen  0.28/turn              U - ring of the Pariah {Wiz rF- rN+++ MR++}

@: very slightly contaminated
A: clumsy 1
}: 1/15 runes: barnacled
a: Renounce Religion, Evoke Invisibility


You were on level 3 of the Snake Pit.
You worshipped Vehumet.
Vehumet was exalted by your worship.
You were very hungry.

You visited 7 branches of the dungeon, and saw 32 of its levels.
You also visited: Ice Cave.

You collected 2630 gold pieces.
You spent 1146 gold pieces at shops.

Inventory:

Hand Weapons
 r - a +9 dagger of piercing
 L - the +2 whip of the Fool (weapon) {drain, rPois rF++ Str+6}
   (You took it off a naga warrior on level 1 of the Snake Pit)

   A truly terrible weapon, it drains the life of those it strikes.
   It affects your strength (+6).
   It greatly protects you from fire.
   It protects you from poison.
Armour
 a - a +2 hat (worn)
 j - a +2 pair of gloves (worn)
 l - the +0 pair of fencer's gloves {Riposte Dex+3}
   (You acquired it on level 2 of the Orcish Mines)

   It affects your dexterity (+3).
 n - a +2 cloak of invisibility (worn)
 u - a scarf of resistance
 B - a +2 pair of boots (worn)
 N - a +2 robe of resistance (worn)
 O - a +2 robe of magic resistance
Magical Staves
 m - an uncursed staff of poison
 z - an uncursed staff of conjuration
 R - an uncursed staff of cold
Jewellery
 q - an uncursed ring of stealth
 v - a +4 ring of protection
 y - a +4 ring of evasion
 D - an uncursed amulet of the acrobat
 E - an uncursed ring of ice
 F - an uncursed ring of resist corrosion
 P - the amulet "Wiurumac" (around neck) {Spirit rC+ rN+ MR+ Dex+4}
   (You found it in an ice cave)

   [amulet of guardian spirit]

   It causes incoming damage to be split between your health and magic.
   It affects your dexterity (+4).
   It protects you from cold.
   It protects you from negative energy.
   It affects your resistance to hostile enchantments.
 T - an uncursed ring of protection from cold
 U - the ring of the Pariah (right hand) {Wiz rF- rN+++ MR++}
   (You found it in an ice cave)

   [ring of wizardry]

   It improves your spell success rate.
   It makes you vulnerable to fire.
   It renders you almost immune to negative energy.
   It affects your resistance to hostile enchantments.
 Z - a ring of protection from magic (left hand)
Wands
 i - a wand of enslavement (10)
 o - a wand of disintegration (16)
 A - a wand of polymorph (13)
Scrolls
 k - a scroll of enchant armour
 p - 5 scrolls of identify
 t - a scroll of summoning
 w - 8 scrolls of remove curse
 x - 5 scrolls of fog
 C - 4 scrolls of teleportation
 H - 4 scrolls of silence
 I - 2 scrolls of magic mapping
 J - 2 scrolls of fear
 K - a scroll of immolation
Potions
 b - 4 potions of heal wounds
 d - a potion of agility
 e - a potion of resistance
 f - 7 potions of flight
 g - 3 potions of haste
 h - a potion of invisibility
 s - 11 potions of curing
 G - 2 potions of magic
Miscellaneous
 M - a box of beasts
Comestibles
 c - 17 rations


   Skills:
 + Level 2.6 Fighting
 + Level 1.1 Short Blades
 + Level 0.2 Maces & Flails
 + Level 9.2 Dodging
 + Level 9.4 Stealth
 + Level 19.4 Spellcasting
 + Level 16.6 Conjurations
 + Level 12.6 Charms
 + Level 13.1 Fire Magic
 * Level 12.4 Ice Magic
 - Level 11.1 Earth Magic
 - Level 11.0 Poison Magic
 + Level 6.1 Evocations


You had 4 spell levels left.
You knew the following spells:

 Your Spells              Type           Power        Failure   Level  Hunger
a - Flame Tongue          Conj/Fire      #####        0%          1    None
b - Throw Flame           Conj/Fire      ######       0%          2    None
c - Sandblast             Erth           ######       0%          1    None
d - Sticky Flame          Conj/Fire      #######.     1%          4    None
e - Fireball              Conj/Fire      #######...   1%          5    None
f - Magic Dart            Conj           ####         0%          1    None
g - Bolt of Magma         Conj/Fire/Erth #######...   1%          5    None
h - Iron Shot             Conj/Erth      #######...   1%          6    ##.....
i - Iskenderun's Battles  Conj/Chrm      #######.     1%          5    None
j - Poison Arrow          Conj/Pois      #######...   1%          6    ##.....
k - Bolt of Cold          Conj/Ice       #######...   1%          6    ##.....
l - Fire Storm            Conj/Fire      #######...   34%         9    #######

Your spell library contained the following spells:

 Spells                   Type           Power        Failure   Level  Hunger
 Lehudib's Crystal Spear  Conj/Erth      #######...   4%          8    ######.
 Tornado                  Air            ####......   100%        9    #######
 Infusion                 Chrm           ####         0%          1    None
 Song of Slaying          Chrm           #######.     0%          2    None
 Conjure Flame            Conj/Fire      #######.     0%          3    None
 Animate Skeleton         Necr           N/A          1%          1    None
 Apportation              Tloc           ####..       1%          1    None
 Beastly Appendage        Tmut           ####..       1%          1    None
 Confusing Touch          Hex            ####..       1%          1    None
 Shock                    Conj/Air       ####         1%          1    None
 Summon Small Mammal      Summ           ####         1%          1    None
 Blink                    Tloc           N/A          1%          2    None
 Call Imp                 Summ           ####....     1%          2    None
 Passwall                 Tmut/Erth      ######..     1%          2    None
 Poisonous Vapours        Pois/Air       ######       1%          2    None
 Shroud of Golubria       Chrm/Tloc      ######       1%          2    None
 Slow                     Hex            ####....     1%          2    None
 Sticks to Snakes         Tmut           ####....     1%          2    None
 Swiftness                Chrm/Air       ######..     1%          2    None
 Call Canine Familiar     Summ           ####....     1%          3    None
 Ignite Poison            Fire/Tmut/Pois ######..     1%          3    None
 Inner Flame              Hex/Fire       ######..     1%          3    None
 Mephitic Cloud           Conj/Pois/Air  ######..     1%          3    None
 Regeneration             Chrm/Necr      ######....   1%          3    None
 Spectral Weapon          Hex/Chrm       ######..     1%          3    None
 Spider Form              Tmut/Pois      ######....   1%          3    None
 Static Discharge         Conj/Air       ######..     1%          3    None
 Summon Guardian Golem    Hex/Summ       ####....     1%          3    None
 Airstrike                Air            ####......   1%          4    None
 Ice Form                 Ice/Tmut       ######..     1%          4    None
 Leda's Liquefaction      Hex/Erth       ######....   1%          4    None
 Summon Ice Beast         Ice/Summ       ######..     1%          4    None
 Passage of Golubria      Tloc           N/A          6%          4    None
 Summon Lightning Spire   Summ/Air       ####....     6%          4    None
 Irradiate                Conj/Tmut      ######....   1%          5    None
 Lee's Rapid Deconstruct  Erth           ######....   1%          5    None
 Lightning Bolt           Conj/Air       ######....   1%          5    None
 Venom Bolt               Conj/Pois      #######...   1%          5    None
 Bolt of Fire             Conj/Fire      #######...   1%          6    ##.....
 Freezing Cloud           Conj/Ice/Air   ######....   1%          6    ##.....
 Orb of Destruction       Conj           #######...   1%          7    ####...
 Ring of Flames           Chrm/Fire      #######...   2%          7    ####...
 Spellforged Servitor     Conj/Summ      ######....   5%          7    ####...
 Ignition                 Fire           #######...   6%          8    ######.
 Statue Form              Tmut/Erth      ######...    11%         6    ##.....
 Blade Hands              Tmut           ####......   17%         5    None
 Darkness                 Hex            ####......   65%         6    ##.....
 Hydra Form               Tmut           ####......   65%         6    ##.....
 Invisibility             Hex            ####....     65%         6    ##.....
 Shatter                  Erth           ######....   78%         9    #######
 Dragon Form              Tmut           ####......   99%         7    ####...


Dungeon Overview and Level Annotations

Branches:
Dungeon (15/15)            Temple (1/1) D:6            Lair (6/6) D:9
 Shoals (4/4) Lair:3        Snake (3/4) Lair:3        Slime (0/5) Lair:6
    Orc (2/2) D:11            Elf (1/3) Orc:2        Vaults (0/5) D:13
 Depths (0/5) D:15          IceCv (visited)

Altars:
Ashenzari
Cheibriados
Dithmenos
Elyvilon
Fedhas
Gozag
Hepliaklqana
Kikubaaqudgha
Makhleb
Nemelex Xobeh
Okawaru
Qazlal
Ru
Sif Muna
Trog
Uskayaw
Vehumet
Wu Jian
Xom
Yredelemnul
Zin
The Shining One
Beogh
Jiyva

Shops:
D:10 %   Orc:1 *   Orc:2 [([*   Shoals:4 ?

Annotations:
D:8 1 runed translucent door
D:10 2 transporters
D:14 3 runed translucent doors
Lair:5 2 transporters, Thalamas's ghost, journeyman MiBe
Lair:6 1 runed translucent door
Shoals:2 2 transporters, Byawk's ghost, journeyman TrFi
Snake:1 1 runed translucent door, vinnietd's ghost, adept HaFi
Snake:3 Bai Suzhen
Orc:1 3 runed translucent doors, ant's ghost, journeyman DsBe


Innate Abilities, Weirdness & Mutations

You are clumsy. (Dex -2)


Message History

Press: ? - help, Dir - move target cursor, f/p - Bai Suzhen
Aim: Bai Suzhen (thunder)
A raging storm of fire appears!
The great blast of fire engulfs Bai Suzhen!!
Bai Suzhen is lightly wounded.
You are feeling very hungry.
Your fire vortex is struck by lightning.
Your fire vortex sizzles in the rain.
Bai Suzhen breathes water at you. The torrent of water hits you!!!
Ouch! That really hurt!
You are knocked back by the torrent of water.
The wave splashes down.
Splash!
You fall into the shallow water.
Moving in this stuff is going to be slow.
Bai Suzhen breathes water at you. The torrent of water hits you!!!
Ouch! That really hurt!
You die...

#.>.....#.....#.........#.§....
###.......#....##..#......##§D§..
#.........#...##...###.##.§#§§§..
.......#.###.##......#..#v##.....
......##...###...(...#..§§§#≈###.
#.#####..............#§§...)§#...
#.#.........##.....≈.§D.§........
#)###........##..≈≈.##.......#...
#.<.##........##@####...)...##...
#....#....###.......#......##....
#..(>#......###.....#.§§...#.....
#...(#....#.......[##.[#.######..
####.##.#.#..##........#......#..
#...)..#.#...#...[###.#)..######
#....).......#.##)#.#.#..##..# #
##......)########[...#.####.^.# #
.........#[.........##.......##


You could see Bai Suzhen.

Vanquished Creatures
  Vashnia (Snake:2)
  Polyphemus (Shoals:4)
  2 krakens
  Kirke (D:14)
  Roxanne (Snake:1)
  A nagaraja (Snake:3)
  Donald (Shoals:4)
  2 frost giants
  Snorg (Lair:5)
  2 fire dragons
  9 merfolk javelineers
  10 merfolk impalers
  9 naga warriors
  A yaktaur captain (D:15)
  Harold (Lair:2)
  4 hydras
  4 merfolk avatars
  5 catoblepae
  A satyr (shapeshifter) (D:14)
  5 centaur warriors
  2 death knights
  3 anacondas
  3 dancing weapons
  An alligator snapping turtle (Shoals:4)
  3 merfolk aquamancers
  5 satyrs
  4 two-headed ogres
  12 naga sharpshooters
  Urug (Lair:6)
  21 death yaks
  2 shock serpents
  4 deep elf knights
  2 salamander mystics
  12 sea snakes
  7 unseen horrors
  2 naga ritualists (Snake:3)
  2 deep elf archers (Elf:1)
  9 harpies
  2 wolf spiders (D:14)
  Pikel (D:7)
  2 orc knights (Orc:2)
  10 deep elf magi
  3 mana vipers
  7 oklob plants
  13 salamanders
  4 orc sorcerers
  A wolf spider (shapeshifter) (D:14)
  13 fauns
  A centaur zombie (D:15)
  8 cyclopes
  8 merfolk sirens
  16 manticores
  31 black mambas
  15 elephants
  8 water nymphs
  5 naga magi
  5 guardian serpents
  8 spiny frogs
  A gargoyle (D:11)
  9 komodo dragons
  5 rime drakes
  An efreet (D:15)
  4 freezing wraiths
  A yaktaur (D:15)
  27 merfolk
  8 trolls
  A wind drake (Shoals:3)
  14 polar bears
  11 blink frogs
  A hornet (D:10)
  14 hippogriffs
  13 snapping turtles
  6 slime creatures (D:12)
  21 dream sheep
  A meliai zombie (D:13)
  2 vampires
  3 shadows
  4 wraiths
  11 water elementals
  A human (D:7)
  61 yaks
  5 hogs
  A wyvern (Lair:4)
  5 basilisks
  Grum (Lair:1)
  2 hungry ghosts
  4 wargs
  Menkaure (D:7)
  30 nagas
  A soldier ant (D:14)
  3 acid dragons
  14 water moccasins
  9 porcupines
  A slave (D:7)
  A water moccasin (shapeshifter) (D:14)
  3 sky beasts
  2 black bears
  A black bear (shapeshifter) (D:15)
  42 orc warriors
  13 ice beasts
  15 ogres
  13 wolves
  4 boggarts (D:15)
  An eye of draining (D:9)
  17 centaurs
  4 big kobolds
  7 crocodiles
  A gnoll sergeant (D:9)
  21 bullfrogs
  A wyvern skeleton (D:8)
  2 scorpions
  A water moccasin skeleton (D:4)
  12 wights
  20 killer bees
  8 howler monkeys
  2 electric eels (Lair:4)
  9 crimson imps
  2 bullfrog zombies
  A quasit (D:10)
  35 orc wizards
  2 bullfrog skeletons
  6 jellies
  17 orc priests
  7 hounds
  3 centaur skeletons
  4 iguanas
  16 worker ants
  3 worker ant zombies
  Robin (D:4)
  A howler monkey zombie (D:5)
  10 gnolls
  19 adders
  5 shadow imps
  4 oozes
  3 adder zombies
  3 adder skeletons
  3 worms
  4 dart slugs
  7 leopard geckos
  116 orcs
  A ball python (Lair:3)
  6 giant cockroaches
  7 hobgoblins
  11 jackals
  27 kobolds
  2 quokkas (D:7)
  3 bats (D:1)
  6 frilled lizards
  15 goblins
  2 leopard gecko zombies
  13 rats
  3 fungi
  6 plants
1189 creatures vanquished.

Vanquished Creatures (collateral kills)
  A naga sharpshooter (Snake:1)
  A naga (Snake:1)
2 creatures vanquished.

Vanquished Creatures (others)
  5 polar bears (IceCv)
  A yak (IceCv)
  A human (D:15)
  3 wolves (IceCv)
  17 fire vortices
  21 fungi
  41 plants
  8 tentacles
97 creatures vanquished.

Grand Total: 1288 creatures vanquished

Notes
Turn   | Place    | Note
-------+----------+-------------------------------------------
     0 | D:1      | Freitmort the Deep Elf Fire Elementalist began the quest
                  | for the Orb.
     0 | D:1      | Reached XP level 1. HP: 10/10 MP: 6/6
   201 | D:1      | Reached XP level 2. HP: 15/15 MP: 6/8
   577 | D:1      | Learned a level 2 spell: Throw Flame
   598 | D:1      | Reached XP level 3. HP: 19/19 MP: 2/10
  1109 | D:2      | Found a bloodstained altar of Trog.
  1334 | D:2      | Reached skill level 4 in Spellcasting
  1535 | D:2      | Reached XP level 4. HP: 21/24 MP: 3/12
  1693 | D:2      | Found a radiant altar of Vehumet.
  1769 | D:2      | Became a worshipper of Vehumet
  2371 | D:3      | Reached XP level 5. HP: 20/28 MP: 4/14
  3080 | D:3      | Reached skill level 5 in Fire Magic
  3246 | D:3      | Reached * piety under Vehumet
  3246 | D:3      | Offered knowledge of Sandblast by Vehumet.
  3255 | D:3      | Learned a level 1 spell: Sandblast
  3260 | D:3      | Learned a level 4 spell: Sticky Flame
  3266 | D:3      | Learned a level 5 spell: Fireball
  3663 | D:4      | Reached skill level 5 in Spellcasting
  3725 | D:4      | Reached XP level 6. HP: 32/32 MP: 11/15
  3811 | D:4      | Reached skill level 1 in Earth Magic
  4499 | D:4      | Reached skill level 6 in Spellcasting
  4499 | D:4      | Reached XP level 7. HP: 36/36 MP: 10/18
  4559 | D:4      | Offered knowledge of Magic Dart by Vehumet.
  4628 | D:4      | Learned a level 1 spell: Magic Dart
  4736 | D:4      | Noticed Robin
  4759 | D:4      | Reached ** piety under Vehumet
  5102 | D:4      | Killed Robin
  5273 | D:5      | Entered Level 5 of the Dungeon
  5683 | D:5      | Noticed a yak
  5683 | D:5      | Noticed a yak
  5683 | D:5      | Noticed a yak
  5685 | D:5      | Noticed a yak
  5724 | D:5      | Killed a yak
  5724 | D:5      | Reached skill level 7 in Spellcasting
  5724 | D:5      | Reached skill level 5 in Conjurations
  5724 | D:5      | Reached XP level 8. HP: 41/41 MP: 11/20
  5850 | D:5      | Learned a level 5 spell: Bolt of Magma
  6074 | D:5      | Reached skill level 8 in Spellcasting
  6568 | D:5      | Identified a scroll of acquirement
  6665 | D:6      | Offered knowledge of Stone Arrow by Vehumet.
  6820 | D:6      | Found a shimmering altar of Xom.
  6865 | D:6      | Found a shimmering altar of Xom.
  6866 | D:6      | Found a shimmering altar of Xom.
  6866 | D:6      | Found a shimmering altar of Xom.
  6878 | D:6      | Found a shimmering altar of Xom.
  6882 | D:6      | Found a shimmering altar of Xom.
  7361 | D:6      | Found an opulent altar of Gozag.
  7470 | D:6      | Reached skill level 9 in Spellcasting
  7470 | D:6      | Reached XP level 9. HP: 45/45 MP: 15/24
  7487 | D:6      | Reached *** piety under Vehumet
  7730 | D:6      | Found a sparkling altar of Nemelex Xobeh.
  7741 | D:6      | Reached skill level 5 in Earth Magic
  8205 | D:6      | Found a staircase to the Ecumenical Temple.
  8225 | Temple   | Entered the Ecumenical Temple
  8302 | D:6      | Learned a level 6 spell: Iron Shot
  8538 | D:7      | Noticed Menkaure
  8540 | D:7      | Killed Menkaure
  8704 | D:6      | Found a burning altar of Makhleb.
  8811 | D:7      | Offered knowledge of Fulminant Prism by Vehumet.
  9759 | D:7      | Noticed Pikel
  9762 | D:7      | Killed Pikel
  9762 | D:7      | Reached XP level 10. HP: 50/50 MP: 12/25
  9786 | D:7      | Found a shadowy altar of Dithmenos.
  9947 | D:8      | Reached skill level 5 in Stealth
  9951 | D:8      | Reached **** piety under Vehumet
 10074 | D:8      | Reached skill level 5 in Dodging
 10388 | D:8      | Noticed a sixfirhy
 10389 | D:8      | Found a runed translucent door.
 10429 | D:8      | Offered knowledge of Airstrike by Vehumet.
 10694 | D:8      | Reached skill level 1 in Fighting
 10826 | D:8      | Reached skill level 10 in Earth Magic
 11327 | D:8      | Found an ancient bone altar of Kikubaaqudgha.
 11499 | D:9      | Reached skill level 1 in Short Blades
 11837 | D:9      | Reached skill level 10 in Spellcasting
 11946 | D:9      | Noticed a death yak
 11947 | D:9      | Noticed a death yak
 11947 | D:9      | Noticed a death yak
 11948 | D:9      | Noticed a death yak
 11949 | D:9      | Noticed a death yak
 11950 | D:9      | Noticed a death yak
 11989 | D:8      | Killed a death yak
 12194 | D:9      | Reached ***** piety under Vehumet
 12309 | D:9      | Offered knowledge of Yara's Violent Unravelling by Vehumet.
 12409 | D:9      | Noticed a two-headed ogre
 12413 | D:9      | Killed a two-headed ogre
 12413 | D:9      | Reached XP level 11. HP: 56/56 MP: 11/27
 12487 | D:9      | Found a staircase to the Lair.
 12530 | D:9      | Reached skill level 11 in Spellcasting
 12602 | D:9      | Found a shattered altar of Ashenzari.
 12677 | D:9      | Noticed a death yak
 12682 | D:9      | Killed a death yak
 12697 | D:9      | Killed a death yak
 12927 | D:10     | Entered Level 10 of the Dungeon
 12927 | D:10     | Found a transporter.
 13164 | D:10     | Learned a level 5 spell: Iskenderun's Battlesphere
 13520 | D:10     | Noticed a two-headed ogre
 13558 | D:10     | Killed a two-headed ogre
 13747 | D:10     | Found a transporter.
 14054 | D:10     | Found Ditis's Food Boutique.
 14524 | D:9      | Killed a death yak
 14524 | D:9      | Reached skill level 12 in Spellcasting
 14611 | D:9      | Killed a death yak
 14614 | D:9      | Killed a death yak
 14828 | Lair:1   | Entered Level 1 of the Lair of Beasts
 14959 | Lair:1   | Reached skill level 10 in Fire Magic
 14966 | Lair:1   | Noticed Grum
 15233 | Lair:1   | Killed Grum
 15325 | Lair:1   | Noticed a four-headed hydra
 15333 | Lair:1   | Killed a four-headed hydra
 15333 | Lair:1   | Reached skill level 13 in Spellcasting
 15333 | Lair:1   | Reached skill level 10 in Conjurations
 15333 | Lair:1   | Reached XP level 12. HP: 52/61 MP: 11/31
 15601 | Lair:1   | Noticed an eight-headed hydra
 15605 | Lair:1   | Killed an eight-headed hydra
 15605 | Lair:1   | Reached skill level 1 in Charms
 15697 | Lair:1   | Offered knowledge of Lightning Bolt by Vehumet.
 15748 | Lair:1   | Learned a level 5 spell: Venom Bolt
 16428 | Lair:1   | Reached skill level 14 in Spellcasting
 17148 | Lair:2   | Noticed Harold
 17155 | Lair:2   | Killed Harold
 17377 | Lair:2   | Reached skill level 15 in Spellcasting
 17898 | Lair:3   | Found a staircase to the Snake Pit.
 18055 | Lair:3   | Reached XP level 13. HP: 65/65 MP: 32/34
 18182 | Lair:3   | Found a staircase to the Shoals.
 19108 | Lair:4   | Reached skill level 1 in Poison Magic
 19324 | Lair:4   | Reached skill level 5 in Charms
 20441 | Lair:5   | Offered knowledge of Bolt of Fire by Vehumet.
 20461 | Lair:5   | Noticed Snorg
 20465 | Lair:5   | Killed Snorg
 20737 | Lair:5   | Noticed Thalamas's ghost (journeyman MiBe)
 20892 | Lair:5   | Found a transporter.
 21231 | Lair:5   | Found a transporter.
 21672 | Lair:6   | Entered Level 6 of the Lair of Beasts
 21963 | Lair:6   | Got a blackened spear
 21978 | Lair:6   | Identified the cursed +2 spear of the Hidden Vale {drain,
                  | Str+7} (You found it on level 6 of the Lair of Beasts)
 22286 | Lair:6   | Found a runed translucent door.
 22286 | Lair:6   | Found a viscous altar of Jiyva.
 22286 | Lair:6   | Noticed an azure jelly
 22287 | Lair:6   | Found a staircase to the Slime Pits.
 22287 | Lair:6   | Noticed an azure jelly
 22377 | Lair:6   | Noticed Urug
 22391 | Lair:6   | Killed Urug
 23024 | Lair:6   | Reached XP level 14. HP: 70/70 MP: 30/35
 23033 | Lair:6   | Reached skill level 5 in Poison Magic
 24595 | Lair:6   | Reached skill level 10 in Charms
 24762 | Lair:6   | Got a crude great sword
 24768 | Lair:6   | Identified the cursed +1 great sword of Conversion {elec,
                  | -Tele +Rage MR+++ Int+8 Dex-5} (You found it on level 6 of
                  | the Lair of Beasts)
 25353 | D:11     | Found a roughly hewn altar of Beogh.
 25357 | D:11     | Offered knowledge of Conjure Ball Lightning by Vehumet.
 25623 | D:11     | Found a staircase to the Orcish Mines.
 26499 | Orc:1    | Entered Level 1 of the Orcish Mines
 26741 | Orc:2    | Entered Level 2 of the Orcish Mines
 27061 | Orc:2    | Found a staircase to the Elven Halls.
 27308 | Orc:1    | Offered knowledge of Bolt of Cold by Vehumet.
 27394 | Orc:2    | Learned a level 6 spell: Bolt of Cold
 27402 | Orc:1    | Found Zoriytef's General Store.
 27429 | Orc:1    | Reached skill level 1 in Ice Magic
 27515 | Orc:1    | Found a runed translucent gate.
 27515 | Orc:1    | Found a runed translucent gate.
 27519 | Orc:1    | Found a runed translucent gate.
 27556 | Orc:1    | Bought a scroll of amnesia for 45 gold pieces
 27606 | Orc:1    | Noticed ant's ghost (journeyman DsBe)
 27805 | Orc:1    | Found an iron altar of Okawaru.
 28318 | Orc:2    | Found Goofiz's Antique Weapon Shop.
 28318 | Orc:2    | Found Bukkeruo's Armour Shoppe.
 28320 | Orc:2    | Found Nath's Assorted Antiques.
 28322 | Orc:2    | Found Qacs's Armour Boutique.
 28327 | Orc:2    | Bought a +1 hat for 165 gold pieces
 29154 | D:12     | Reached skill level 5 in Ice Magic
 29744 | D:12     | Offered knowledge of Poison Arrow by Vehumet.
 29766 | D:12     | Learned a level 6 spell: Poison Arrow
 30311 | D:13     | Found a gate to the Vaults.
 30367 | D:13     | Reached XP level 15. HP: 74/74 MP: 19/36
 30368 | D:13     | Found a frozen archway.
 30438 | IceCv    | Entered an ice cave
 30494 | IceCv    | Got a heavily runed emerald amulet
 30565 | IceCv    | Identified the amulet "Wiurumac" {Spirit rC+ rN+ MR+ Dex+4}
                  | (You found it in an ice cave)
 31386 | IceCv    | Noticed a frost giant
 31618 | IceCv    | Killed a frost giant
 31686 | IceCv    | Got a translucent bronze ring
 31699 | IceCv    | Identified the ring of the Pariah {Wiz rF- rN+++ MR++} (You
                  | found it in an ice cave)
 31818 | D:13     | Got an ancient chain mail
 33301 | D:13     | Identified the +11 chain mail of Evolution {rCorr} (You
                  | found it on level 13 of the Dungeon)
 33327 | D:14     | Offered knowledge of Ozocubu's Refrigeration by Vehumet.
 33557 | D:14     | Found a runed translucent door.
 33558 | D:14     | Found a runed translucent door.
 33973 | D:14     | Found a runed translucent door.
 34159 | D:14     | Got a dazzling trident
 34160 | D:14     | Identified the +11 trident "Eviscerator" {antimagic, rF++
                  | rN+ Dex+7} (You found it on level 14 of the Dungeon)
 35050 | D:14     | Reached skill level 10 in Poison Magic
 35465 | D:15     | Entered Level 15 of the Dungeon
 35465 | D:15     | Noticed Kirke
 35471 | D:14     | Killed Kirke
 36496 | D:15     | Found an opulent altar of Gozag.
 36694 | D:15     | Found a staircase to the Depths.
 37178 | Shoals:1 | Entered Level 1 of the Shoals
 37268 | Shoals:1 | Reached skill level 1 in Evocations
 37795 | Shoals:1 | Reached XP level 16. HP: 81/81 MP: 28/37
 38535 | Shoals:2 | Identified the +8 trident of Jizobora {speed, Int+4}
 38537 | Shoals:2 | Identified the +8 trident of the Valley of Death {chaos,
                  | *Contam +Fly rElec}
 38542 | Shoals:2 | Found a transporter.
 38561 | Shoals:2 | Got a jewelled plate armour
 38601 | Shoals:2 | Found a bloodstained altar of Trog.
 38601 | Shoals:2 | Noticed Byawk's ghost (journeyman TrFi)
 38616 | Shoals:2 | Found a transporter.
 38747 | Shoals:2 | Reached skill level 16 in Spellcasting
 39982 | Shoals:3 | Reached ****** piety under Vehumet
 40475 | Shoals:3 | Identified the cursed +0 plate armour "Vefurig" {rPois rN+
                  | MR++} (You found it on level 2 of the Shoals)
 40521 | Shoals:3 | Reached skill level 5 in Evocations
 41267 | Shoals:4 | Entered Level 4 of the Shoals
 42083 | Shoals:4 | Found Xoepser's Magic Scroll Emporium.
 42135 | Shoals:4 | Bought a scroll of acquirement for 936 gold pieces
 42283 | Shoals:4 | Noticed Donald
 42287 | Shoals:4 | Killed Donald
 42495 | Shoals:4 | Offered knowledge of Lehudib's Crystal Spear by Vehumet.
 42495 | Shoals:4 | Offered knowledge of Fire Storm by Vehumet.
 42495 | Shoals:4 | Offered knowledge of Tornado by Vehumet.
 42495 | Shoals:4 | Reached skill level 17 in Spellcasting
 42804 | Shoals:4 | Got a wavering amber ring
 42805 | Shoals:4 | Identified the ring "Qotuc" {Int+3 Slay+3} (You found it on
                  | level 4 of the Shoals)
 42813 | Shoals:4 | Noticed Polyphemus
 42823 | Shoals:4 | Killed Polyphemus
 42823 | Shoals:4 | Reached XP level 17. HP: 53/85 MP: 11/40
 42844 | Shoals:4 | Reached skill level 15 in Conjurations
 42844 | Shoals:4 | Reached skill level 10 in Ice Magic
 43614 | Shoals:4 | Noticed a kraken
 43617 | Shoals:4 | Killed a kraken
 43638 | Shoals:4 | Learned a level 9 spell: Fire Storm
 44789 | Shoals:4 | Got a barnacled rune of Zot
 45024 | Shoals:4 | Reached skill level 18 in Spellcasting
 45230 | Shoals:1 | Noticed a kraken
 45234 | Shoals:1 | Killed a kraken
 45572 | Elf:1    | Entered Level 1 of the Elven Halls
 46177 | Orc:2    | Found the +0 pair of fencer's gloves {Riposte Dex+3}
 47118 | Snake:1  | Entered Level 1 of the Snake Pit
 47118 | Snake:1  | Noticed Roxanne
 47363 | Snake:1  | Killed Roxanne
 47372 | Lair:3   | Gained mutation: You are clumsy. (Dex -2) [mutagenic glow]
 48314 | Snake:1  | Found a hazy altar of Hepliaklqana.
 48791 | Snake:1  | Found a runed translucent door.
 48792 | Snake:1  | Found a shimmering altar of Xom.
 48792 | Snake:1  | Identified the +2 bardiche of Riwnoun {chaos, rPois}
 48792 | Snake:1  | Noticed vinnietd's ghost (adept HaFi)
 49179 | Snake:2  | Noticed Vashnia
 49905 | Snake:2  | Reached XP level 18. HP: 91/91 MP: 42/42
 50431 | Snake:1  | Identified the +2 whip of the Fool {drain, rPois rF++
                  | Str+6}
 50538 | Snake:2  | Killed Vashnia
 50740 | Snake:2  | Reached skill level 19 in Spellcasting
 51089 | Snake:2  | Found an ancient bone altar of Kikubaaqudgha.
 53325 | Snake:3  | Noticed Bai Suzhen
 54045 | Snake:3  | Killed from afar by Bai Suzhen

Levels and vault maps discovered:
D:1:      roderic_octagonal_star, layout_rooms, minmay_rat_gold_closets
D:2:      layout_rooms, bloody_trog, nicolae_overflow_crystal_walls
D:3:      layout_loops_cross, grunt_decor_cap, mrwooster_statue_mirror
D:4:      layout_rooms, uniq_robin
D:5:      layout_loops_ring, first_ration, minmay_increasing_density
D:6:      lemuel_upstairs_altar, layout_loops_ring, old_standard_altar,
          nemelex_xobeh_ov_fountains_minmay, minmay_temple_entry_hall,
          eino_curves_03, xom_redecorated
D:7:      layout_gridville, kennysheep_mini, grunt_livestock, uniq_pikel,
          uniq_menkaure
D:8:      cheibrodos_shockbox, layout_gridville, lemuel_round_altar
D:9:      layout_roguey, marbit_many_paths, dpeg_lair_monsters
D:10:     gammafunk_cloud_chamber, layout_stronghold, serial_shops, shop
D:11:     layout_long_grid, erik_orc_3, special_room [special_room_orc]
D:12:     layout_loops_cross
D:13:     layout_grid_maze, erik_vaults_1, portal_ice_cave_entry_ice_beasts
D:14:     minmay_cut_squares, layout_irregular_city,
          chequers_serial_rivers_small_b, gauntlet_entry_generic,
          mikee_hates_you
D:15:     grunt_enter_depths_snipers, layout_cave_pools, lemuel_round_altar,
          lemuel_flamethrower_3, uniq_kirke
Temple:   eino_wide_crystal_templ
Lair:1:   minmay_lair_oklob_tunnel, layout_chaotic_city, st_stairs_13, uniq_grum
Lair:2:   layout_gridlike, patterned_corridor, minmay_lair_oklob_chamber,
          uniq_harold
Lair:3:   layout_small_grid, minmay_shoals_entry_lonely_mermaid,
          minmay_snake_entry_six_corridors, serial_bayou_pond_c
Lair:4:   layout_cave_pods, chequers_serial_rivers_marsh,
          chequers_serial_rivers_marsh, minmay_lair_oklob_items,
          infiniplex_staircase_pool, lemuel_fruit_tree, grunt_megastairs_3
Lair:5:   layout_loops_ring, gammafunk_ghost_berserking_beasts, uniq_snorg
Lair:6:   evilmike_catoblepas_cave, layout_regular_city, slime_altar_2,
          uniq_urug
Shoals:1: layout_shoals, nicolae_shoals_mertower
Shoals:2: layout_shoals, gammafunk_ghost_wrathful_warriors
Shoals:3: layout_shoals
Shoals:4: shoals_end_grunt_ice, layout_shoals, serial_shops, shop, uniq_donald,
          uniq_polyphemus
Snake:1:  layout_onion, basic_altar, ebering_ghost_xom, grunt_megastairs_4,
          uniq_roxanne
Snake:2:  layout_concentric_octagons, basic_altar, uniq_vashnia
Snake:3:  layout_honeycomb, uniq_bai_suzhen
Orc:1:    layout_diamond_mine, serial_shops, nicolae_shop_behind_doors,
          gammafunk_ghost_fury_of_okawaru
Orc:2:    st_orc_rangers, layout_caves
Elf:1:    layout_onion_city, serial_shops, nicolae_shop_statue_plus,
          minmay_elf_annihilation, einodemon_barbed_minivault

Skill      XL: |  1  2  3  4  5  6  7  8  9 10 11 12 13 14 15 16 17 18 |
---------------+-------------------------------------------------------+-----
Fire Magic     | 4 5 6 7 8 10 11 12 13 | 13.1
Spellcasting   | 4 5 6 7 9 10 13 15 17 18 19 | 19.4
Conjurations   | 2 3 5 6 8 10 11 13 14 16 | 16.6
Stealth        | 3 4 5 6 9 |  9.4
Earth Magic    | 2 3 4 9 10 11 | 11.1
Dodging        | 3 4 5 6 8 9 |  9.2
Fighting       | 1 2 |  2.6
Short Blades   | 1 |  1.1
Charms         | 4 8 11 12 | 12.6
Poison Magic   | 4 7 11 | 11.0
Ice Magic      | 6 8 9 11 12 | 12.4
Evocations     | 1 5 6 |  6.1
Maces & Flails | |  0.2

Action                   |  1- 3 |  4- 6 |  7- 9 | 10-12 | 13-15 | 16-18 || total
-------------------------+-------+-------+-------+-------+-------+-------++-------
Melee: Short sword       |       |       |     3 |       |       |       ||     3
       Dagger            |       |       |     2 |     2 |     2 |       ||     6
       Staff             |       |       |       |       |     1 |     1 ||     2
       Whip              |       |       |       |       |       |     1 ||     1
 Cast: Flame Tongue      |    57 |    80 |    63 |    47 |     5 |     1 ||   253
       Throw Flame       |     3 |    57 |   101 |   104 |    43 |    21 ||   329
       Sticky Flame      |       |     2 |    29 |    34 |    35 |    23 ||   123
       Magic Dart        |       |       |    83 |   183 |   519 |   274 ||  1059
       Fireball          |       |       |     5 |    46 |   100 |    48 ||   199
       Iron Shot         |       |       |     1 |     6 |    11 |     8 ||    26
       Bolt of Magma     |       |       |       |    27 |   106 |    18 ||   151
       Iskenderun's Batt |       |       |       |    39 |   186 |   145 ||   370
       Venom Bolt        |       |       |       |       |    12 |       ||    12
       Bolt of Cold      |       |       |       |       |    11 |    97 ||   108
       Poison Arrow      |       |       |       |       |    24 |   127 ||   151
       Fire Storm        |       |       |       |       |       |    10 ||    10
 Abil: Evoke Invisibilit |       |       |       |       |       |     5 ||     5
Evoke: Wand              |       |       |       |       |       |     1 ||     1
  Use: Scroll            |     3 |    11 |     9 |    12 |    26 |    17 ||    78
       Potion            |       |       |       |     1 |     2 |     6 ||     9
  Eat: Chunk             |     1 |    10 |    15 |    18 |    33 |    25 ||   102
       Ration            |       |       |     1 |     7 |    13 |    15 ||    36
Armor: Robe              |     1 |     5 |     7 |    11 |    27 |    37 ||    88
Dodge: Dodged            |     7 |    26 |    35 |    48 |    81 |   120 ||   317
